 Dungeon Crawl Stone Soup version 0.19.0-11-g3fc08b3 (webtiles) character file.

39 Stormleaks the Charlatan (level 3, 0/26 HPs)
             Began as a Demonspawn Artificer on Nov 9, 2016.
             Was an Initiate of Nemelex Xobeh.
             Succumbed to an adder's poison
             ... on level 2 of the Dungeon.
             The game lasted 00:09:47 (1557 turns).

Stormleaks the Charlatan (Demonspawn Artificer)     Turns: 1557, Time: 00:09:48

Health: 0/26       AC:  4    Str: 12    XL:     3   Next: 26%
Magic:  5/5        EV: 12    Int: 13    God:    Nemelex Xobeh [......]
Gold:   98         SH:  0    Dex: 13    Spells: 0 memorised, 2 levels left

rFire  . . .     SeeInvis .     a - +0 short sword
rCold  . . .     Gourm    .     b - +0 leather armour
rNeg   . . .     Faith    .     (no shield)
rPois  .         Spirit   .     h - +0 hat
rElec  .         Reflect  .     j - +0 cloak
rCorr  .         Harm     .     (no gloves)
MR     .....                    (no boots)
Stlth  +.........               (no amulet)
                                (no ring)
                                (no ring)

@: lethally poisoned (0 -> -8)
A: powered by pain 1, rot immunity
a: Renounce Religion


You were on level 2 of the Dungeon.
You worshipped Nemelex Xobeh.
Nemelex Xobeh was noncommittal.
You were not hungry.

You visited 1 branch of the dungeon, and saw 2 of its levels.

You collected 98 gold pieces.

Inventory:

Hand Weapons
 a - a +0 short sword (weapon)
Missiles
 f - 12 bolts
 k - 33 stones (quivered)
Armour
 b - a +0 leather armour (worn)
 h - a +0 hat (worn)
 j - a +0 cloak (worn)
Wands
 c - a wand of flame (1/48)
 d - a wand of enslavement (7/24)
 e - a wand of random effects (10/48)
Comestibles
 i - a meat ration


   Skills:
 + Level 1.3 Fighting
 + Level 1.0 Short Blades
 + Level 1.0 Armour
 + Level 1.9 Dodging
 + Level 1.0 Stealth
 + Level 0.3 Invocations
 + Level 3.7 Evocations


You had 2 spell levels left.
You didn't know any spells.

Dungeon Overview and Level Annotations

Branches:
Dungeon (2/15)

Altars:
Nemelex Xobeh


Innate Abilities, Weirdness & Mutations

You sometimes gain a little power by taking damage.
You are immune to rotting.


Message History

The adder poisons you! The adder barely misses you.
You hit the adder.
The adder is severely wounded.
You feel sick. The adder bites you. The adder closely misses you.
You miss the adder.
The adder is severely wounded.
* * * LOW HITPOINT WARNING * * *
You feel sick. The adder bites you.
* * * LOW HITPOINT WARNING * * *
The adder closely misses you. The adder bites you.
* * * LOW HITPOINT WARNING * * *
Evoke which item? (* to show all) (? for menu, Esc to quit)
Zapping:
d - a wand of enslavement (8/24)
Press: ? - help, Shift-Dir - straight line, f/p - adder
Aim: an adder (severely wounded, fast, chance to defeat MR: 62%)
The adder is charmed.
This wand has 7 charges left.
* * * LOW HITPOINT WARNING * * *
You feel sick.
You die...
Your body disappears without a glow.

# ## ## #. ###.## ... #.
#.#+##....#..>. #.
#.............. #.
######..S.@....#.... #.
#.............## .
#.#####.####.#.....##
#.......####.##....#
#..(..........#.##.#
##(#######.........#####
#)# ###.##.#.##.##.. #.###
#......#.##.##.#
#.#.###......#.##.##<######


You could see a friendly adder.

Vanquished Creatures
  3 dart slugs (D:1)
  A leopard gecko (D:1)
  An orc (D:1)
  4 goblins
  6 hobgoblins (D:1)
  A jackal (D:1)
  3 kobolds
  A bat (D:1)
  A frilled lizard (D:2)
  5 rats (D:1)
26 creatures vanquished.

Vanquished Creatures (collateral kills)
  A leopard gecko (D:1)
  3 goblins (D:1)
4 creatures vanquished.

Grand Total: 30 creatures vanquished

Notes
Turn   | Place    | Note
-------+----------+-------------------------------------------
     0 | D:1      | Stormleaks the Demonspawn Artificer began the quest for the Orb.
     0 | D:1      | Reached XP level 1. HP: 15/15 MP: 3/3
    70 | D:1      | Gained mutation: You sometimes gain a little power by taking damage. [demonic ancestry]
    70 | D:1      | Reached XP level 2. HP: 18/21 MP: 4/4
   110 | D:1      | HP: 1/21 [hobgoblin/club (3)]
   399 | D:1      | Found a sparkling altar of Nemelex Xobeh.
   405 | D:1      | Reached skill level 1 in Short Blades
   426 | D:1      | Became a worshipper of Nemelex Xobeh the Trickster
   458 | D:1      | Received a gift from Nemelex Xobeh
   479 | D:1      | Reached skill level 1 in Stealth
   870 | D:1      | Gained mutation: You are immune to rotting. [demonic ancestry]
   870 | D:1      | Reached XP level 3. HP: 17/26 MP: 5/5
  1240 | D:1      | Reached skill level 1 in Armour
  1556 | D:2      | HP: 1/26 [poisoned by an adder]
  1557 | D:2      | Succumbed to an adder's poison

Skill      XL: |  1  2  3 |
---------------+----------+-----
Short Blades   | 1 |  1.0
Stealth        | 1 |  1.0
Armour         | 1 |  1.0
Fighting       | |  1.3
Dodging        | |  1.9
Invocations    | |  0.3
Evocations     | |  3.7

Action                   || total
-------------------------++-------
Melee: Short sword       ||    55
Evoke: Wand              ||    27
       Deck              ||    12
  Use: Potion            ||     1
 Stab: Confused          ||     1
  Eat: Bread ration      ||     1
Armor: Leather armour    ||    13
Dodge: Dodged            ||    38
